 Dungeon Crawl Stone Soup version 0.16.2-2-g470672f (webtiles) character file.

231098 CrazyArbalest the Sniper (level 18, -2/147 HPs)
             Began as a Centaur Hunter on Aug 20, 2015.
             Was an Initiate of Gozag.
             Killed from afar by a merfolk aquamancer (26 damage)
             ... with a great wave of water
             ... on level 5 of the Shoals.
             The game lasted 09:42:28 (59280 turns).

CrazyArbalest the Sniper (Centaur Hunter)          Turns: 59280, Time: 09:42:31

Health: -2/147     AC: 43    Str: 18    XL:     18   Next: 78%
Magic:  26/26      EV:  7    Int: 19    God:    Gozag
Gold:   12913      SH:  0    Dex: 22    Spells: 0 memorised, 17 levels left

rFire  . . .     SeeInvis .     b - +8 hand crossbow of Dominance {flame, -Tele Int+4 Dex+4 Stlth+}
rCold  . . .     Clarity  .     d - +12 plate armour of the Beggar {rElec}
rNeg   . . .     SustAb   .     (no shield)
rPois  +         Gourm    .     o - +3 hat of Pondering {ponderous, MR+ MP+10 Int+5}
rElec  +         Spirit   .     j - +2 cloak {MR+}
rCorr  .         Warding  .     A - +1 pair of gloves {Dex+3}
rMut   .         NoTele   +     r - +0 centaur barding
MR     +++..                    C - amulet of faith
Stlth  ..........               T - ring of poison resistance
                                t - +6 ring of protection

@: quick, extremely resistant to hostile enchantments, extremely unstealthy
A: hooves 3, deformed body, speed 2, tough skin 3
a: Potion Petition, Call Merchant, Bribe Branch, Renounce Religion
}: 1/15 runes: serpentine


You were on level 5 of the Shoals.
You worshipped Gozag.
Gozag was noncommittal.
You were not hungry.

You visited 6 branches of the dungeon, and saw 38 of its levels.
You also visited: Sewer and Ice Cave.

You collected 14625 gold pieces.
You spent 1626 gold pieces at shops.
You paid 86 gold pieces to Gozag.

Inventory:

Hand weapons
 a - a +0 battleaxe of chopping
 b - the +8 hand crossbow of Dominance (weapon) {flame, -Tele Int+4 Dex+4 Stlth+}
   (You bought it in a shop on level 10 of the Dungeon)

   It causes projectiles fired from it to burn those they strike, causing extra
   injury to most foes and up to half again as much damage against particularly
   susceptible opponents.
   It affects your intelligence (+4).
   It affects your dexterity (+4).
   It prevents most forms of teleportation.
   It makes you more stealthy.
 E - a +5 war axe
Missiles
 l - a bolt of frost
 v - 27 bolts (quivered)
 y - 29 silver bolts
 B - 10 bolts of penetration
 N - 14 poisoned bolts
Armour
 d - the +12 plate armour of the Beggar (worn) {rElec}
   (You found it on level 13 of the Dungeon)

   It insulates you from electricity.
 j - a +2 cloak of magic resistance (worn)
 n - a +1 buckler of protection
 o - the +3 hat of Pondering (worn) {ponderous, MR+ MP+10 Int+5}
   (You took it off Gastronok on level 3 of the Lair of Beasts)

   It affects your intelligence (+5).
   It affects your resistance to hostile enchantments.
   It affects your magic capacity (+10).
 q - a +2 robe of fire resistance
 r - a +0 centaur barding (worn)
 A - a +1 pair of gloves of dexterity (worn)
 J - a +4 chain mail of cold resistance
 O - a +2 plate armour of magic resistance
 Z - a +2 robe of cold resistance
Jewellery
 m - an uncursed ring of flight
 p - a +4 ring of strength
 t - a +6 ring of protection (left hand)
 C - an amulet of faith (around neck)
 H - the ring of Neiphan {MR+ SInv}
   (You found it on level 2 of the Snake Pit)

   [ring of protection from magic]

   It affects your resistance to hostile enchantments.
   It enhances your eyesight.
 Q - an uncursed ring of teleportation
 T - a ring of poison resistance (right hand)
 W - an uncursed ring of protection from cold
Magical devices
 e - a wand of disintegration (6)
 g - a wand of enslavement (11)
 k - a wand of confusion (31)
 K - a wand of digging (2)
 P - a wand of teleportation (2)
Scrolls
 u - a scroll of immolation
 w - 4 scrolls of fear
 G - 8 scrolls of magic mapping
 M - 3 scrolls of fog
 S - 2 scrolls of blinking
 Y - 8 scrolls of remove curse
Potions
 h - 2 potions of heal wounds
 i - 5 potions of restore abilities
 s - 2 potions of poison
 x - 10 potions of curing
 z - a potion of ambrosia {unknown}
Books
 c - Guoxedix's Disquisition on Curses and Translocation
   (You found it on level 5 of the Shoals)

   Spells                             Type                      Level
   a - Apportation                    Translocation                1
   b - Force Lance                    Conjuration/Translocation    4
   c - Enslavement                    Hexes                        4
   d - Gell's Gravitas                Hexes/Translocation          5
   e - Invisibility                   Hexes                        6
Comestibles
 f - 8 bread rations


   Skills:
 + Level 10.1 Fighting
 + Level 10.5 Axes
   Level 0.6(6.6) Maces & Flails
 * Level 26.3 Crossbows
 + Level 7.3 Armour
 + Level 9.7 Dodging
 + Level 3.2 Stealth
 + Level 1.1 Evocations


You had 17 spell levels left.
You didn't know any spells.

Dungeon Overview and Level Annotations

Branches:
Dungeon (15/15)            Temple (1/1) D:4            Lair (8/8) D:10
 Shoals (5/5) Lair:4        Snake (5/5) Lair:5        Slime (0/6) Lair:6
    Orc (4/4) D:11            Elf (0/3) Orc:3        Vaults (0/5) D:14
 Depths (0/5) D:15

Altars:
Ashenzari
Cheibriados
Dithmenos
Elyvilon
Fedhas
Gozag
Kikubaaqudgha
Makhleb
Nemelex Xobeh
Okawaru
Qazlal
Ru
Sif Muna
Trog
Vehumet
Xom
Yredelemnul
Zin
The Shining One
Jiyva

Shops:
D:8 !   D:10 *   Orc:2 }   Orc:4 :[[*

Portals:
Trove: D:11 (give 7 potions of haste)

Annotations:
D:7 Joseph
D:9 krupnik16's ghost, experienced GrFi
Lair:8 exclusion: door
Shoals:5 Ilsuiw
Snake:1 Aizul


Innate Abilities, Weirdness & Mutations

You have hooves in place of feet.
Armour fits poorly on your strangely shaped body.
You cover ground very quickly.
You have extremely tough skin (AC +3).


Message History

* * * LOW HITPOINT WARNING * * *
You see here a javelin of penetration.
The merfolk aquamancer gestures wildly while chanting.
The merfolk aquamancer blinks!
You see here 2 large rocks.
Drink which item? (? for menu, Esc to quit)
You feel better.
The merfolk javelineer throws a javelin of returning.
The javelin of returning hits you but does no damage.
The weapon returns to the merfolk javelineer!
The merfolk javelineer throws a poisoned javelin.
The poisoned javelin hits you but does no damage.
The merfolk javelineer throws a javelin of returning.
The javelin of returning hits you!
* * * LOW HITPOINT WARNING * * *
The weapon returns to the merfolk javelineer!
The merfolk aquamancer points at you and mumbles some strange words.
The great wave of water hits you!
You die...
Your body crumbles into a pile of gold.

≈≈≈≈≈≈≈≈≈≈≈≈≈≈≈≈≈≈≈≈≈≈≈≈≈≈≈≈≈≈≈≈≈
....≈≈≈≈≈≈≈≈≈≈≈≈≈≈≈≈≈≈≈≈≈≈≈≈≈≈≈≈≈
mP...≈≈≈≈P≈≈≈≈≈≈≈≈≈≈≈≈.≈≈≈≈≈≈≈≈≈≈
m......≈≈≈≈≈≈≈≈≈≈...≈≈≈..#***#≈≈≈
...(....≈m≈≈≈≈P≈........#*,,,*#≈≈
.m.((.≈≈≈≈≈≈≈≈≈.#.......#,,,,,#≈≈
...(.≈≈≈≈≈≈m≈≈≈.#.......+,,,,,#≈≈
≈........m≈≈≈≈≈≈........#,,,,,#≈≈
P.≈..(..m≈≈≈≈≈≈(@.......##,,,##≈≈
≈≈≈...(§.≈≈§..((≈≈.(.....#####≈≈≈
P≈≈≈(≈≈§≈m.....≈≈≈≈#####.......≈≈
≈≈≈≈≈≈≈m≈...§..≈≈≈##,,,##......≈≈
≈≈≈≈≈≈≈≈.......≈≈≈#,,,,,#......≈≈
≈≈≈≈≈≈≈........≈≈≈#,,,,,#.....≈≈≈
≈≈≈≈≈≈≈...)(...≈≈≈#,,,,,#.....≈≈≈
≈≈≈≈≈≈≈≈......≈≈≈≈##,,,##....≈≈≈≈
≈≈≈≈≈≈≈≈.....≈≈≈≈≈≈##+##≈..≈≈≈≈≈≈


You could see 3 merfolk javelineers, a merfolk aquamancer and a merfolk.

Vanquished Creatures
  An Ice Fiend (IceCv)
  Polyphemus (Shoals:3)
  Frances (Shoals:1)
  12 greater nagas
  Wiglaf (Shoals:3)
  Gastronok (Lair:3)
  3 merfolk javelineers
  2 merfolk impalers
  5 vault guards (D:14)
  Josephine (D:12)
  Fannar (Lair:1)
  Harold (Lair:1)
  8 hydras
  The ghost of Stubu the Destroyer, a powerful GrWz of Vehumet (Orc:4)
  16 naga warriors
  14 anacondas
  4 merfolk aquamancers
  8 death yaks
  2 merfolk avatars
  A catoblepas (Shoals:2)
  3 tengu warriors
  3 centaur warriors
  21 naga sharpshooters
  8 shock serpents
  3 orc high priests
  2 ogre magi
  2 skeletal warriors
  An unseen horror (D:12)
  Erolcha (D:8)
  19 sea snakes
  A flayed ghost (D:15)
  5 ice devils (IceCv)
  4 naga ritualists
  7 hill giants
  An ice statue (IceCv)
  12 harpies
  3 orc knights
  Pikel (D:5)
  9 manticores
  A wizard (Lair:8)
  A necromancer (D:15)
  A wolf spider (Orc:1)
  10 fauns
  A stone giant zombie (D:15)
  6 orc sorcerers
  6 ugly things
  8 mana vipers
  An iron dragon skeleton (D:15)
  9 salamanders
  14 griffons
  5 elephants (Lair:7)
  A water nymph (Shoals:2)
  7 cyclopes
  3 sirens
  8 guardian serpents
  2 torpor snails
  37 black mambas
  17 spiny frogs
  A gargoyle (D:14)
  23 naga magi
  9 komodo dragons
  Psyche (D:8)
  6 fire drakes
  6 anaconda simulacra (IceCv)
  2 golden dragon simulacra (IceCv)
  5 freezing wraiths
  A yaktaur (D:14)
  A wolf spider simulacrum (IceCv)
  A polar bear (Lair:2)
  3 wind drakes
  31 merfolk
  A harpy skeleton (D:15)
  A tengu conjurer (D:14)
  2 two-headed ogres
  3 trolls
  A wandering mushroom (Lair:7)
  7 snapping turtles
  13 blink frogs
  7 basilisks
  8 slime creatures
  A wind drake (shapeshifter) (D:14)
  A boulder beetle (D:12)
  4 ravens
  A redback (Orc:1)
  14 water elementals
  The ghost of droidenko the Ruffian, an average TrMo of Okawaru (D:4)
  2 shadows (D:12)
  7 wraiths
  5 wyverns
  6 centaur simulacra
  3 dire elephant simulacra (IceCv)
  Eustachio (D:7)
  4 deep elf magi
  31 yaks
  Grum (Orc:4)
  19 wolves
  A death yak simulacrum (IceCv)
  A deep elf fighter (D:10)
  2 hungry ghosts
  A steam dragon (D:15)
  8 hippogriffs
  A harpy simulacrum (IceCv)
  7 wargs
  Edmund (D:7)
  75 nagas
  A hydra simulacrum (IceCv)
  A soldier ant (D:13)
  9 porcupines
  An alligator simulacrum (IceCv)
  2 sky beasts
  2 spiders (Orc:1)
  24 orc warriors
  A deep dwarf (shapeshifter) (D:12)
  3 mottled dragons
  36 water moccasins
  12 ice beasts
  A wasp (shapeshifter) (D:15)
  2 elf zombies (D:15)
  A necrophage (D:9)
  2 boring beetles
  A wasp (D:13)
  2 black bears
  2 phantoms
  22 centaurs
  2 ettin simulacra (IceCv)
  11 ogres
  21 crocodiles
  6 big kobolds
  21 giant frogs
  6 killer bees (D:7)
  3 scorpions
  11 wights
  2 electric eels (Lair:3)
  A wasp zombie (D:13)
  8 crimson imps
  2 draconian simulacra (IceCv)
  4 goliath beetles
  2 lava snakes (D:14)
  2 centaur zombies
  11 worker ants
  8 jellies
  17 hounds
  12 iguanas
  38 orc wizards
  4 hell rats
  35 orc priests
  A polar bear simulacrum (IceCv)
  4 centaur skeletons
  A wolf simulacrum (IceCv)
  21 sheep
  A spriggan simulacrum (IceCv)
  3 troll simulacra (IceCv)
  Ijyb (D:4)
  3 mummies
  A worker ant zombie (D:6)
  34 adders
  4 gnolls
  90 river rats
  5 giant mites
  5 white imps (IceCv)
  5 shadow imps
  5 worms
  7 ufetubi
  2 adder skeletons
  4 giant geckos
  3 oozes
  149 orcs
  6 ball pythons
  18 bats
  A bat skeleton (D:6)
  3 bat zombies
  22 goblins
  18 hobgoblins
  8 jackals
  12 quokkas
  5 giant cockroaches
  11 giant newts
  2 gnoll zombies (D:3)
  A jackal skeleton (D:9)
  37 kobolds
  A quokka skeleton (D:5)
  21 rats
  4 ballistomycetes (D:15)
  10 fungi
  24 plants
1564 creatures vanquished.

Vanquished Creatures (others)
  A naga sharpshooter (Snake:1)
  5 drowned souls (Shoals:4)
  An orc wizard (D:14)
  A quokka (D:3)
  A giant spore (D:15)
  A goblin (D:5)
  9 fungi
  25 plants
44 creatures vanquished.

Grand Total: 1608 creatures vanquished

Notes
Turn   | Place    | Note
--------------------------------------------------------------
     0 | D:1      | CrazyArbalest, the Centaur Hunter, began the quest for the Orb.
     0 | D:1      | Reached XP level 1. HP: 17/17 MP: 1/1
   591 | D:1      | Reached XP level 2. HP: 24/24 MP: 2/2
   757 | D:1      | Reached skill level 5 in Crossbows
  1034 | D:1      | Noticed an ogre
  1059 | D:1      | Killed an ogre
  1059 | D:1      | Reached XP level 3. HP: 21/29 MP: 3/3
  1059 | D:1      | Reached XP level 4. HP: 26/36 MP: 3/3
  1246 | D:2      | Reached skill level 1 in Armour
  1307 | D:2      | Noticed an angel
  1309 | D:2      | Found a glowing silver altar of Zin.
  1310 | D:2      | Found a shimmering altar of Xom.
  1415 | D:2      | Reached XP level 5. HP: 42/42 MP: 4/4
  1480 | D:2      | Reached skill level 6 in Crossbows
  2203 | D:3      | Found a white marble altar of Elyvilon.
  2245 | D:3      | Found a basalt altar of Yredelemnul.
  2481 | D:3      | Reached XP level 6. HP: 50/50 MP: 5/5
  2893 | D:4      | Noticed droidenko's ghost (average TrMo)
  2969 | D:4      | Found a bloodstained altar of Trog.
  3002 | D:4      | Found a sparkling altar of Nemelex Xobeh.
  3110 | D:4      | Reached skill level 1 in Axes
  3151 | D:4      | Found a glowing drain.
  3155 | Sewer    | Entered a sewer
  3730 | D:4      | Found a staircase to the Ecumenical Temple.
  3738 | Temple   | Entered the Ecumenical Temple
  3898 | Temple   | Became a worshipper of Gozag Ym Sagoz the Greedy
  4282 | D:4      | Reached XP level 7. HP: 52/56 MP: 5/5
  4349 | D:4      | Noticed Ijyb
  4367 | D:4      | Killed Ijyb
  4514 | D:5      | Entered Level 5 of the Dungeon
  4743 | D:5      | Reached skill level 7 in Crossbows
  5003 | D:5      | Noticed Pikel
  5023 | D:5      | Killed Pikel
  5023 | D:5      | Reached XP level 8. HP: 46/63 MP: 6/6
  5889 | D:5      | Reached skill level 8 in Crossbows
  6558 | D:6      | Found a deep blue altar of Sif Muna.
  6817 | D:6      | Reached XP level 9. HP: 22/71 MP: 7/7
  6994 | D:6      | Reached skill level 5 in Dodging
  7328 | D:7      | Noticed Eustachio
  7343 | D:7      | Killed Eustachio
  7343 | D:7      | Reached skill level 9 in Crossbows
  7449 | D:7      | Noticed Edmund
  7478 | D:7      | Killed Edmund
  7706 | D:7      | HP: 3/71 [killer bee (3)]
  7885 | D:6      | Reached skill level 5 in Axes
  7939 | D:7      | Noticed Joseph
  8017 | D:4      | Killed droidenko's ghost
  8795 | D:8      | Noticed Psyche
  8855 | D:8      | Killed Psyche
  8855 | D:8      | Reached skill level 1 in Stealth
  8914 | D:8      | Reached skill level 10 in Crossbows
  8914 | D:8      | Reached XP level 10. HP: 77/80 MP: 7/7
  8976 | D:8      | Noticed Erolcha
  9002 | D:8      | Killed Erolcha
  9002 | D:8      | Reached skill level 5 in Fighting
  9433 | D:8      | Found a snail-covered altar of Cheibriados.
  9552 | D:8      | Reached skill level 11 in Crossbows
  9597 | D:8      | Found Thomen's Distillery.
  9605 | D:8      | Bought a potion of heal wounds for 70 gold pieces
  9605 | D:8      | Bought a potion of heal wounds for 70 gold pieces
  9605 | D:8      | Bought a potion of heal wounds for 70 gold pieces
  9605 | D:8      | Bought a potion of curing for 42 gold pieces
 10522 | D:9      | Found a sacrificial altar of Ru.
 10524 | D:9      | Noticed a purple ugly thing
 10566 | D:9      | Killed a purple ugly thing
 10632 | D:9      | Noticed krupnik16's ghost (experienced GrFi)
 11846 | Temple   | Identified a scroll of acquirement
 12309 | D:9      | Found a blossoming altar of Fedhas.
 12380 | D:10     | Entered Level 10 of the Dungeon
 12789 | D:10     | Found Zule's Assorted Antiques.
 12792 | D:10     | Bought a scroll of teleportation for 87 gold pieces
 12792 | D:10     | Bought a viscous brown potion for 26 gold pieces
 12792 | D:10     | Bought a scroll labeled KLONKI LEBBA for 29 gold pieces
 12792 | D:10     | Bought a fuming grey potion for 26 gold pieces
 12794 | D:10     | Bought a scorched hand crossbow for 246 gold pieces
 12794 | D:10     | Bought a scorched arbalest for 275 gold pieces
 12797 | D:10     | Identified the cursed -1 arbalest of Dividends {elec, rC+ Dex+4} (You bought it in a shop on level 10 of the Dungeon)
 13413 | D:10     | Found a staircase to the Lair.
 13435 | D:10     | Identified the +8 hand crossbow of Dominance {flame, -Tele Int+4 Dex+4 Stlth+} (You bought it in a shop on level 10 of the Dungeon)
 13448 | Lair:1   | Entered Level 1 of the Lair of Beasts
 13586 | Lair:1   | Noticed a four-headed hydra
 13593 | Lair:1   | Killed a four-headed hydra
 13593 | Lair:1   | Reached skill level 12 in Crossbows
 13593 | Lair:1   | Reached XP level 11. HP: 88/88 MP: 8/8
 13634 | Lair:1   | Noticed Fannar
 13699 | Lair:1   | Killed Fannar
 13900 | Lair:1   | Noticed Harold
 13943 | Lair:1   | Killed Harold
 14125 | Lair:1   | Reached skill level 13 in Crossbows
 14233 | Lair:1   | Got a flickering platinum ring
 14398 | Lair:2   | Identified the ring of Bylosmib {Ice rN+ MR- Int+4 Dex-4 Stlth+} (You found it on level 1 of the Lair of Beasts)
 14757 | Lair:2   | Noticed a five-headed hydra
 14771 | Lair:2   | Reached skill level 14 in Crossbows
 14837 | Lair:2   | Killed a five-headed hydra
 14882 | Lair:2   | Noticed a four-headed hydra
 14933 | Lair:2   | Killed a four-headed hydra
 15007 | Lair:2   | Got a fine leather armour
 15018 | Lair:2   | Identified the +2 leather armour of Erug {+Inv rPois rC- MP+9 Str+3} (You found it on level 2 of the Lair of Beasts)
 15320 | Lair:2   | Reached XP level 12. HP: 89/96 MP: 9/9
 16806 | D:8      | Bought a potion of degeneration for 14 gold pieces
 16806 | D:8      | Bought a potion of lignification for 42 gold pieces
 17577 | Lair:3   | Reached skill level 15 in Crossbows
 17699 | Lair:3   | Noticed Gastronok
 17733 | Lair:3   | Killed Gastronok
 19366 | Lair:4   | Reached skill level 16 in Crossbows
 20311 | Lair:4   | Found a staircase to the Shoals.
 21096 | Lair:5   | Noticed an anaconda
 21105 | Lair:5   | Killed an anaconda
 21105 | Lair:5   | Reached XP level 13. HP: 76/104 MP: 9/9
 21164 | Lair:5   | Found a staircase to the Snake Pit.
 21314 | Lair:5   | Found a bloodstained altar of Trog.
 21572 | Lair:4   | Reached skill level 17 in Crossbows
 22407 | Lair:6   | Found a runed door.
 22434 | Lair:6   | Found a viscous altar of Jiyva.
 22437 | Lair:6   | Found a staircase to the Slime Pits.
 23938 | Lair:7   | Reached skill level 18 in Crossbows
 24399 | Lair:8   | Entered Level 8 of the Lair of Beasts
 25436 | Lair:8   | Reached XP level 14. HP: 102/113 MP: 10/10
 26233 | D:11     | Reached skill level 19 in Crossbows
 26296 | D:11     | Found a portal to a secret trove of treasure.
 26516 | D:11     | Found a staircase to the Orcish Mines.
 26987 | Orc:1    | Entered Level 1 of the Orcish Mines
 27806 | Orc:2    | Found Sempempe's Gadget Shop.
 27814 | Orc:2    | Bought a wand of teleportation (3) for 315 gold pieces
 30285 | Orc:3    | Found a staircase to the Elven Halls.
 30546 | Orc:4    | Entered Level 4 of the Orcish Mines
 30847 | Orc:4    | Found a radiant altar of Vehumet.
 30850 | Orc:4    | Noticed Stubu's ghost (powerful GrWz)
 30860 | Orc:4    | Killed Stubu's ghost
 31158 | Orc:4    | Found Xemoh's Armour Shop.
 31158 | Orc:4    | Found Likephee's Book Boutique.
 31165 | Orc:4    | Found Thaosaom's General Store.
 31165 | Orc:4    | Found Uruta's Armour Boutique.
 31323 | Orc:4    | Noticed Grum
 31332 | Orc:4    | Killed Grum
 31408 | Orc:4    | Bought a bread ration for 85 gold pieces
 31408 | Orc:4    | Bought a scroll of identify for 34 gold pieces
 31408 | Orc:4    | Bought a bread ration for 85 gold pieces
 31408 | Orc:4    | Bought a slice of pizza for 25 gold pieces
 31408 | Orc:4    | Bought a meat ration for 85 gold pieces
 32461 | D:12     | Noticed Josephine
 32466 | D:12     | Killed Josephine
 33852 | D:13     | Got an ichor-stained plate armour
 34173 | D:13     | Reached skill level 5 in Armour
 34644 | D:14     | Reached XP level 15. HP: 112/123 MP: 12/12
 35027 | D:14     | Found a gate to the Vaults.
 35152 | D:14     | Reached skill level 20 in Crossbows
 36131 | D:15     | Entered Level 15 of the Dungeon
 36134 | D:15     | Found a staircase to the Depths.
 36431 | D:15     | Identified the +12 plate armour of the Beggar {rElec} (You found it on level 13 of the Dungeon)
 38217 | Snake:1  | Entered Level 1 of the Snake Pit
 38786 | Snake:1  | Reached skill level 21 in Crossbows
 38953 | Snake:1  | Noticed Aizul
 40277 | Snake:1  | Reached skill level 10 in Axes
 41110 | Snake:2  | Found a white marble altar of Elyvilon.
 41126 | Snake:2  | Reached XP level 16. HP: 126/132 MP: 12/12
 41138 | Snake:2  | Got a slimy brass ring
 42064 | Snake:3  | Identified the ring of Neiphan {MR+ SInv} (You found it on level 2 of the Snake Pit)
 43007 | Snake:4  | Reached skill level 22 in Crossbows
 44216 | Snake:5  | Entered Level 5 of the Snake Pit
 45029 | Snake:5  | Reached skill level 23 in Crossbows
 45859 | Snake:5  | Reached XP level 17. HP: 69/138 MP: 13/13
 47394 | Snake:5  | Reached skill level 24 in Crossbows
 48017 | Snake:5  | Got a serpentine rune of Zot
 50978 | Shoals:1 | Entered Level 1 of the Shoals
 51857 | Shoals:1 | Noticed Frances
 51889 | Shoals:1 | Killed Frances
 51981 | Shoals:1 | Identified the Guide on Shifting Clay
 52296 | Shoals:2 | Reached skill level 10 in Fighting
 52492 | Shoals:2 | Reached skill level 25 in Crossbows
 52579 | Shoals:2 | Reached XP level 18. HP: 95/147 MP: 14/14
 53941 | Shoals:3 | Noticed Wiglaf
 54496 | Shoals:3 | Killed Wiglaf
 54597 | Shoals:3 | Noticed Polyphemus
 54611 | Shoals:3 | Killed Polyphemus
 56270 | Shoals:5 | Entered Level 5 of the Shoals
 56456 | Shoals:5 | Found a frozen archway.
 56565 | IceCv    | Entered an ice cave
 56658 | IceCv    | Got a steaming plate armour
 56808 | IceCv    | Reached skill level 26 in Crossbows
 56959 | IceCv    | Got a jewelled leather armour
 57714 | IceCv    | Identified the +2 plate armour of Wonder {+Fly rElec Str+2 Dex-3} (You found it in an ice cave)
 57724 | IceCv    | Identified the +2 leather armour of the Turtledove {rC+ rN+ SInv} (You found it in an ice cave)
 57737 | IceCv    | Got a slimy hat
 57748 | IceCv    | Identified the +0 hat "Natale Cloe" {MR++ Int-2} (You found it in an ice cave)
 58564 | Shoals:4 | Reached skill level 1 in Evocations
 58700 | Shoals:5 | Identified Guoxedix's Disquisition on Curses and Translocation
 58910 | Shoals:5 | Noticed Ilsuiw
 59280 | Shoals:5 | Killed from afar by a merfolk aquamancer

Action                   |  1- 3 |  4- 6 |  7- 9 | 10-12 | 13-15 | 16-18 || total
-------------------------+-------+-------+-------+-------+-------+-------++-------
Melee: Short sword       |    76 |     1 |       |       |       |       ||    77
       Whip              |       |    61 |    55 |    21 |       |       ||   137
       War axe           |       |   223 |   405 |   547 |   397 |   118 ||  1690
       Flail             |       |       |       |    52 |       |       ||    52
       Broad axe         |       |       |       |    63 |       |       ||    63
       Battleaxe         |       |       |       |       |   988 |   137 ||  1125
 Fire: Hand crossbow     |     5 |    49 |    87 |   610 |   948 |  2025 ||  3724
       Arbalest          |       |       |       |    15 |       |       ||    15
 Abil: Stop Flying       |       |       |       |       |       |     5 ||     5
       Evoke Flight      |       |       |       |       |       |     5 ||     5
Evoke: Wand              |       |       |     3 |     5 |     3 |     4 ||    15
  Use: Scroll            |       |       |    11 |     7 |    24 |    20 ||    62
       Potion            |       |       |     3 |       |     9 |     6 ||    18
 Stab: Distracted        |       |       |     1 |     1 |     9 |       ||    11
       Paralysed         |       |       |       |     6 |       |       ||     6
       Sleeping          |       |       |       |     1 |     2 |       ||     3
  Eat: Chunk             |       |     8 |       |       |       |       ||     8
       Beef jerky        |       |       |     2 |       |       |     4 ||     6
       Pizza             |       |       |     1 |     1 |     3 |     1 ||     6
       Meat ration       |       |       |     2 |     3 |     3 |     7 ||    15
       Fruit             |       |       |     4 |     9 |    34 |     6 ||    53
       Bread ration      |       |       |       |     1 |     3 |       ||     4
